 Dungeon Crawl Stone Soup version 0.31-a0-230-g09eb5fc4d3 (webtiles) character file.

Game seed: 2675911271181809957

133 qw the Shooter (level 4, 0/40 HPs)
             Began as a Minotaur Hexslinger on July 6, 2023.
             Slain by Sigmund
             ... wielding a +0 scythe
              (5 damage)
             ... on level 3 of the Dungeon.
             The game lasted 00:00:43 (2028 turns).

qw the Shooter (Minotaur Hexslinger)                Turns: 2028, Time: 00:00:43

Health: 0/40       AC: 10    Str: 13    XL:     4   Next: 94%
Magic:  4/4        EV: 11    Int: 10    God:
Gold:   85         SH:  0    Dex: 14    Spells: 4/5 levels left

rFire   . . .        Y - +2 sling
rCold   . . .        (no shield)
rNeg    + . .        k - +0 ring mail {rN+}
rPois   +            (helmet restricted)
rElec   .            (no cloak)
rCorr   .            b - +0 pair of gloves
SInv    .            (no boots)
Will    .....        (no amulet)
Stlth   +            l - +4 ring of protection
HPRegen 0.26/turn    (no ring)
MPRegen 0.09/turn

%: no passive effects
@: no status effects
A: horns 2, retaliatory headbutt, poison resistance, robust 1
a: no special abilities


You were on level 3 of the Dungeon.
You visited 1 branch of the dungeon, and saw 3 of its levels.

You collected 85 gold pieces.


Innate Abilities, Weirdness & Mutations

You have a pair of horns on your head.
You reflexively headbutt those who attack you in melee.
Your system is resistant to poisons. (rPois)
You are robust. (+10% HP)


   Skills:
 + Level 2.9 Fighting
 - Level 5.0 Ranged Weapons
 - Level 1.0 Armour
 - Level 2.1 Dodging
 - Level 1.0 Spellcasting
 - Level 2.0 Hexes


You had 4 spell levels left.
You knew the following spells:

 Your Spells              Type           Power      Damage    Failure   Level
a - Slow                  Hex            16%        N/A       32%         1

Your spell library contained the following spells:

 Spells                   Type           Power      Damage    Failure   Level
 Inner Flame              Hex/Fire       2%         N/A       82%         3
 Portal Projectile        Hex/Tloc       4%         N/A       82%         3
 Cause Fear               Hex            2%         N/A       97%         4

Inventory:

Hand Weapons
 Y - a +2 sling (weapon)
Armour
 b - a +0 pair of gloves (worn)
 k - a +0 ring mail of positive energy (worn)
Jewellery
 l - a +4 ring of protection (left hand)
Scrolls
 a - a scroll of identify {unknown}
Potions
 d - a potion of might
 e - a potion of haste
 f - a potion of curing {unknown}
 g - a potion of heal wounds {unknown}
 h - a potion of degeneration {unknown}
 i - a potion of mutation
 j - a potion of brilliance {unknown}

Dungeon Overview and Level Annotations

Branches:
Dungeon (3/15)

Altars:

Shops:
D:1 =

Annotations:
D:3 Sigmund


Message History

Something hits you but does no damage. Something hits you.
Ijyb closely misses you.
You shoot a sling bullet. The sling bullet closely misses Ijyb.
The sling bullet barely misses the bat.
Something hits you but does no damage. Ijyb hits you but does no damage.
Something hits you but does no damage.
You shoot a sling bullet. The sling bullet hits Ijyb.
Ijyb is severely wounded.
Something completely misses you. Ijyb hits you but does no damage.
You hear some strange, mumbled words.
A puff of flame appears from out of thin air!
The puff of flame hits you. Something hits you but does no damage.
Ijyb hits you with a +0 club.
You shoot a sling bullet. The sling bullet barely misses Ijyb.
The sling bullet closely misses the bat.
Ijyb barely misses you. Something hits you but does no damage.
You shoot a sling bullet. The sling bullet misses Ijyb.
The sling bullet hits the bat.
You kill the bat!
Something hits you but does no damage. Ijyb closely misses you.
Something barely misses you.
Your Ranged Weapons skill increases to level 5!
You shoot a sling bullet. The sling bullet barely misses Ijyb.
The sling bullet hits the hobgoblin.
You kill the hobgoblin!
Something hits you. Ijyb misses you. You furiously retaliate!
You headbutt Ijyb. Something hits you but does no damage.
You shoot a sling bullet. The sling bullet hits Ijyb!
You kill Ijyb!
Something completely misses you. Something hits you.
You hear some strange, mumbled words.
Something tries to affect you, but you resist.
You shoot a sling bullet. Something barely misses you.
Something hits you but does no damage.
You shoot a sling bullet. Something hits you.
You shoot a sling bullet.
You hear some strange, mumbled words.
Something hits you but does no damage. Something hits you.
You die...

#...........#.#.#...#
###.#####.#####.#......
#...# .#...#%#......
.#...# .#.#.........#
.%...# #.#.#########
.#...## #.#.#########
.....{. ..#.........#
#....{###############.#
#...))@.............#.#
#....#.##...#######.#.#
#... ##.#...# #.#.# #..
#....# #.... ## #...#
#.... #...# #.... #...#
#.#.# ##### #.#.# #.#..


There were no monsters in sight!

Vanquished Creatures
  Ijyb (D:3)
  Terence (D:2)
  2 adders (D:3)
  A worm (D:2)
  A dart slug (D:1)
  2 orcs (D:3)
  6 bats
  2 endoplasms (D:2)
  2 giant cockroaches
  6 goblins
  7 hobgoblins
  2 jackals (D:3)
  4 kobolds
  3 quokkas
  3 ball pythons
  7 frilled lizards
  5 rats
55 creatures vanquished.

Notes
Turn   | Place    | Note
-------+----------+-------------------------------------------
     0 | D:1      | qw the Minotaur Hexslinger began the quest for the Orb.
     0 | D:1      | Reached XP level 1. HP: 16/16 MP: 1/1
     0 | D:1      | 0 ||| qw: Version: 0.3-a-46-gb1f654a
     0 | D:1      | 0 ||| qw: Game counter: 1741
     0 | D:1      | 0 ||| qw: Melee chars always use a shield: true
     0 | D:1      | 0 ||| qw: God list: Okawaru
     0 | D:1      | 0 ||| qw: Allow faded altars: false
     0 | D:1      | 0 ||| qw: Do Orc after clearing Dungeon:15 true
     0 | D:1      | 0 ||| qw: Do second Lair branch before Depths: true
     0 | D:1      | 0 ||| qw: Lair rune preference: random
     0 | D:1      | 0 ||| qw: Goals: Normal
     0 | D:1      | 0 ||| PLANNING D:1-11
   304 | D:1      | Reached skill level 3 in Ranged Weapons
   338 | D:1      | Reached XP level 2. HP: 23/23 MP: 2/2
   556 | D:1      | Found Sazxuis's Jewellery Shoppe.
   560 | D:1      | 560 ||| SHOPLISTING +5 ring of evasion (432 gold, have 60).
   560 | D:1      | 560 ||| SHOPLISTING +6 ring of strength (432 gold, have
                  | 60).
   560 | D:1      | 560 ||| SHOPLISTING ring of protection from cold (300 gold,
                  | have 60).
   560 | D:1      | 560 ||| SHOPLISTING ring of see invisible (180 gold, have
                  | 60).
  1047 | D:1      | 1047 ||| UPGRADING to +0 ring mail of positive energy.
  1057 | D:1      | 1057 ||| DROPPING +0 robe.
  1058 | D:1      | 1058 ||| READING 2 scrolls labelled JYATYA WI YQUR.
  1059 | D:1      | 1059 ||| READING scroll labelled KUCEFR GONE.
  1095 | D:1      | 1095 ||| READING scroll labelled HUYSKUPLIH.
  1196 | D:1      | 1196 ||| READING scroll labelled NAXYIG INACH.
  1197 | D:1      | 1197 ||| READING scroll labelled XANYIT VYSUOQ.
  1198 | D:1      | 1198 ||| DRINKING 2 inky potions.
  1199 | D:1      | 1199 ||| DRINKING 2 sedimented black potions.
  1200 | D:1      | 1200 ||| DRINKING 2 pink potions.
  1200 | D:1      | Gained mutation: You are robust. (+10% HP) [potion of
                  | mutation]
  1200 | D:1      | Gained mutation: Your system is resistant to poisons.
                  | (rPois) [potion of mutation]
  1211 | D:1      | 1211 ||| DROPPING scroll of fear.
  1212 | D:1      | 1212 ||| DROPPING scroll of poison.
  1213 | D:1      | 1213 ||| DROPPING potion of attraction.
  1331 | D:2      | Reached XP level 3. HP: 31/31 MP: 3/3
  1426 | D:2      | Found a faded altar of an unknown god.
  1466 | D:2      | Noticed Terence
  1478 | D:2      | Killed Terence
  1479 | D:2      | Reached skill level 4 in Ranged Weapons
  1674 | D:2      | Reached skill level 1 in Armour
  1687 | D:2      | Reached XP level 4. HP: 39/39 MP: 4/4
  1903 | D:2      | 1903 ||| UPGRADING to +0 pair of gloves.
  1908 | D:2      | 1908 ||| UPGRADING to +4 ring of protection.
  1909 | D:2      | 1909 ||| READING scroll labelled RIRCHU ZAAMNUTARI.
  1910 | D:2      | 1910 ||| READING scroll labelled RIANKYE OMIA.
  1914 | D:2      | 1914 ||| DRINKING 2 amethyst potions.
  2003 | D:3      | Noticed Ijyb
  2004 | D:3      | Noticed Sigmund
  2024 | D:3      | Reached skill level 5 in Ranged Weapons
  2025 | D:3      | Killed Ijyb
  2025 | D:3      | HP: 5/39 [something (6)]
  2028 | D:3      | Slain by Sigmund

Levels and vault maps discovered:
D:1:      elethiomel_arrival_quiet, layout_basic, serial_shops,
          nicolae_shop_gaudy_bauble, chequers_serial_rivers_small_a,
          dk_noncrumbling_4, hangedman_decor_points
D:2:      layout_rooms, shapermc_ecumenical_altar_mp_highgroup,
          kennysheep_generic_room_3, uniq_terence
D:3:      layout_basic, minmay_pentangle, uniq_sigmund, uniq_ijyb

Skill      XL: |  1  2  3  4 |
---------------+-------------+-----
Ranged Weapons | 3 4 5 |  5.0
Fighting       | 2 |  2.9
Armour         | 1 |  1.0
Dodging        | |  2.1
Spellcasting   | |  1.0
Hexes          | |  2.0

Action                     |  1- 3 |  4- 6 || total
---------------------------+-------+-------++-------
   Fire: Sling             |   103 |    53 ||   156
    Use: Scroll            |     5 |     2 ||     7
         Potion            |     3 |     1 ||     4
 Armour: Robe              |    10 |       ||    10
         Ring mail         |    12 |    42 ||    54
  Dodge: Dodged            |    44 |    22 ||    66

Table legend:
 A = Non-vault XP
 B = Vault XP
 C = Vault XP percentage of total XP
 D = Non-vault monster count
 E = Vault monster count
 F = Vault count percentage of total count
                 A         B        C        D         E       F
            +---------+---------+-------+---------+---------+-------
      Total |     115 |      76 |  39.8 |      52 |       3 |   5.5
            +---------+---------+-------+---------+---------+-------
        D:1 |      34 |       0 |   0.0 |      20 |       0 |   0.0
        D:2 |      38 |      38 |  50.0 |      22 |       2 |   8.3
        D:3 |      43 |      38 |  46.9 |      10 |       1 |   9.1
            +---------+---------+-------+---------+---------+-------
